 Dungeon Crawl Stone Soup version 0.30-a0-40-gc6d0f036a7 (webtiles) character file.

Game seed: 10218002843771211012

244296 Newt the Tortoise (level 19, -1/152 HPs)
             Began as a Demonspawn Gladiator on Aug 29, 2022.
             Was a High Priest of Kikubaaqudgha.
             Killed from afar by an acid blob (5 damage)
             ... with a splash of acid
             ... on level 5 of the Pits of Slime.
             The game lasted 01:22:32 (45521 turns).

Newt the Tortoise (Demonspawn Gladiator)           Turns: 45521, Time: 01:22:32

Health: -1/152     AC: 39    Str: 25 (27) XL:     19   Next: 14%
Magic:  0/33       EV: 13    Int: 11      God:    Kikubaaqudgha [*****.]
Gold:   4237       SH:  9    Dex:  7 (8)  Spells: 23/38 levels left

rFire   + . .      SeeInvis +    i - +9 trident (pain)
rCold   . . .      Faith    .    (no shield)
rNeg    . . .      Spirit   +    w - +9 plate armour {Will+}
rPois   +          Reflect  +    F - +2 helmet
rElec   .          Harm     .    A - +2 cloak
rCorr   +          Rampage  +    (gloves unavailable)
Will    ++...                    o - +1 pair of boots {rampage}
Stlth   ..........               Q - amulet of reflection
HPRegen 0.35/turn                c - ring of Autumn {rPois Dex-5 Slay+2 SInv}
MPRegen 0.46/turn                T - ring of resist corrosion

@: unable to drink
A: repulsion field 2, icemail 1, magic shield, magic regeneration, magic link,
condensation shield, demonic touch 3, deterioration 2, fire resistance 1, strong
2, wild magic 1, inability to drink after injury 1
}: 1/15 runes: serpentine
a: Renounce Religion, Unearth Wretches, Torment


You were on level 5 of the Pits of Slime.
You worshipped Kikubaaqudgha.
Kikubaaqudgha was extremely pleased with you.
You visited 7 branches of the dungeon, and saw 35 of its levels.

You collected 5516 gold pieces.
You spent 1279 gold pieces at shops.

Inventory:

Hand Weapons
 i - a +9 trident of pain (weapon)
 U - a +2 vampiric trident
Armour
 g - a +2 plate armour of cold resistance
 o - a +1 pair of boots of rampaging (worn)
 w - a +9 plate armour of willpower (worn)
 A - a +2 cloak (worn)
 C - the +3 leather armour of the Bulwark {rElec Int-2 Dex+5 Slay+6}
   (You found it on level 5 of the Dungeon)

   Int:       It affects your intelligence (-2).
   Dex:       It affects your dexterity (+5).
   Slay:      It affects your accuracy & damage with ranged weapons and melee
   (+6).
   rElec:     It insulates you from electricity.
 F - a +2 helmet (worn)
Jewellery
 c - the ring of Autumn (left hand) {rPois Dex-5 Slay+2 SInv}
   (You acquired it on level 2 of the Lair of Beasts)

   [ring of see invisible]

   Dex:       It affects your dexterity (-5).
   Slay:      It affects your accuracy & damage with ranged weapons and melee
   (+2).
   rPois:     It protects you from poison.
   SInv:      It lets you see invisible.
 r - a ring of protection from cold
 s - an amulet of regeneration
 y - a +4 ring of protection
 D - the ring "Qilumyff" {rCorr MP+9 Int+4 Dex-4}
   (You found it on level 3 of the Elven Halls)

   [ring of magical power]

   Int:       It affects your intelligence (+4).
   Dex:       It affects your dexterity (-4).
   MP:        It affects your magic capacity (+9).
   rCorr:     It protects you from acid and corrosion.
 E - a +4 ring of evasion
 P - a ring of flight
 Q - an amulet of reflection (around neck)
 T - a ring of resist corrosion (right hand)
Wands
 G - a wand of iceblast (25)
 I - a wand of flame (58) (quivered)
 L - a wand of mindburst (15)
 N - a wand of polymorph (8)
 R - a wand of paralysis (6)
 Z - a wand of acid (14)
Scrolls
 b - 3 scrolls of enchant weapon
 j - 3 scrolls of amnesia
 n - 6 scrolls of magic mapping
 x - 2 scrolls of butterflies
 z - 4 scrolls of teleportation
 S - a scroll of blinking
 W - 2 scrolls of enchant armour
 X - 4 scrolls of fear
 Y - a scroll of silence
Potions
 f - 8 potions of lignification
 h - 17 potions of curing
 k - 3 potions of ambrosia
 l - 4 potions of flight
 m - 3 potions of haste
 q - 3 potions of berserk rage
 t - 8 potions of brilliance
 u - 3 potions of heal wounds
 v - 4 potions of might
 B - 2 potions of magic
 H - 7 potions of cancellation
 K - a potion of invisibility
 O - a potion of resistance
Miscellaneous
 a - a box of beasts (inert)
 d - a phial of floods
 e - a phantom mirror (inert)
 p - a piece from Xom's chessboard (15/15)
 J - a tin of tremorstones (2/2)
 V - a condenser vane


   Skills:
 - Level 14.0 Fighting
 - Level 2.6 Short Blades
 - Level 14.0 Polearms
 - Level 1.7 Throwing
 - Level 15.0 Armour
 + Level 13.2 Dodging
 - Level 2.0 Stealth
 - Level 10.0 Spellcasting
 - Level 15.0 Necromancy
 - Level 12.0 Evocations


You had 23 spell levels left.
You knew the following spells:

 Your Spells              Type           Power      Damage    Failure   Level
a - Animate Dead          Necr           50%        N/A       3%          4
b - Dispel Undead         Necr           50%        3d19      3%          4
c - Vampiric Draining     Necr           50%        2d9       1%          3
d - Anguish               Hex/Necr       14%        N/A       47%         4

Your spell library contained the following spells:

 Spells                   Type           Power      Damage    Failure   Level
 Necrotise                Necr           100%       1d9       1%          1
 Agony                    Necr           50%        N/A       9%          5
 Apportation              Tloc           14%        N/A       75%         1
 Foxfire                  Conj/Fire      28%        2x1d5     75%         1
 Slow                     Hex            28%        N/A       75%         1
 Summon Small Mammal      Summ           28%        N/A       75%         1
 Corpse Rot               Necr/Pois/Air  21%        N/A       82%         4
 Borgnjor's Vile Clutch   Necr/Erth      14%        N/A       82%         5
 Ensorcelled Hibernation  Hex/Ice        14%        N/A       86%         2
 Confusing Touch          Hex            7%         N/A       97%         3
 Conjure Flame            Conj/Fire      7%         6-21      97%         3
 Dazzling Flash           Conj/Hex       14%        N/A       97%         3
 Ignite Poison            Fire/Tmut/Pois 7%         N/A       97%         3
 Inner Flame              Hex/Fire       7%         N/A       97%         3
 Spider Form              Tmut/Pois      7%         N/A       97%         3
 Airstrike                Air            3%         2d(1-17)  100%        4
 Animate Armour           Summ/Erth      14%        N/A       100%        4
 Flame Wave               Conj/Fire      7%         2d5       100%        4
 Passage of Golubria      Tloc           7%         N/A       100%        4
 Sticky Flame             Conj/Fire      7%         2d3       100%        4
 Summon Lightning Spire   Summ/Air       7%         N/A       100%        4
 Alistair's Intoxication  Tmut/Pois      4%         N/A       100%        5
 Blade Hands              Tmut           3%         N/A       100%        5
 Lightning Bolt           Conj/Air       3%         1d15      100%        5
 Silence                  Hex/Air        3%         N/A       100%        5
 Iron Shot                Conj/Erth      3%         9d2       100%        6
 Simulacrum               Ice/Necr       14%        N/A       100%        6
 Storm Form               Tmut/Air       3%         N/A       100%        7
 Lehudib's Crystal Spear  Conj/Erth      3%         10d3      100%        8
 Maxwell's Capacitive Co  Air            3%         ∞         100%        8


Dungeon Overview and Level Annotations

Branches:
Dungeon (15/15)            Temple (0/1) D:6            Lair (5/5) D:9
 Shoals (0/4) Lair:2        Snake (4/4) Lair:2        Slime (5/5) Lair:5
    Orc (2/2) D:12            Elf (3/3) Orc:2        Vaults (0/5) D:13
 Depths (1/4) D:15

Altars:
Ashenzari
Cheibriados
Dithmenos
Fedhas
Gozag
Kikubaaqudgha
Makhleb
Ru
Sif Muna
Uskayaw
Vehumet
Yredelemnul
Jiyva

Shops:
D:1 ![   D:6 ?   Orc:2 ([:*   Elf:2 (   Snake:4 !

Portals:
Trove: D:14 (give +5 demon blade)

Annotations:
Slime:5 Royal Jelly


Innate Abilities, Weirdness & Mutations

You are surrounded by a moderate repulsion field. (EV +3)
A meltable icy envelope protects you from harm. (AC +4)
When hurt, damage is shared between your health and your magic reserves.
You regenerate magic rapidly.
When low on magic, you restore magic in place of health.
A meltable shield of frost defends you. (SH +4)
Your touch may irresistibly damage your foes and sap their willpower.
Your body often deteriorates upon taking damage.
Your flesh is heat resistant. (rF+)
Your muscles are very strong. (Str +8, Int/Dex -2)
Your spells are a little harder to cast, but a little more powerful.
You occasionally lose the ability to drink potions when taking damage.


Message History

The azure jelly attacks as you move away!
The azure jelly closely misses you.
The azure jelly hits you but does no damage.
The azure jelly barely misses you.
The azure jelly hits you but does no damage.
The azure jelly attacks as you move away!
The azure jelly hits you but does no damage.
You block the azure jelly's attack. The azure jelly closely misses you.
The azure jelly barely misses you.
Your reaping aura expires.
The azure jelly hits you. The azure jelly freezes you!!
* * * LOW HITPOINT WARNING * * *
Your body deteriorates!
You feel weakened. The azure jelly closely misses you. x2
The azure jelly hits you but does no damage.
The azure jelly jiggles.
The azure jelly closely misses you.
The azure jelly hits you but does no damage. x3
As you read the scroll of teleportation, it crumbles to dust.
You feel strangely unstable. The azure jelly misses you.
The azure jelly hits you but does no damage. x2
The azure jelly barely misses you. The Royal Jelly misses you.
The Royal Jelly hits you.
* * * LOW HITPOINT WARNING * * *
You are splashed with acid.
You resist.
* * * LOW HITPOINT WARNING * * *
The azure jelly hits you but does no damage. x4
The azure jelly closely misses you. The azure jelly hits you.
* * * LOW HITPOINT WARNING * * *
The azure jelly freezes you!!!
* * * LOW HITPOINT WARNING * * *
The azure jelly misses you.
The azure jelly hits you but does no damage.
You cannot drink potions in your current state!
Your surroundings suddenly seem different.
The acid blob quivers.
The acid blob spits acid at you. The splash of acid hits you! You resist.
You die...
Kikubaaqudgha rasps: "You have failed me!
Welcome... death!"

...... ##$=#)##.#)#
...........########..###
...........#...#........
.............#...#.._.#.
........... ######..###
..........# [(#}##.#}#
....J.....## ?)|[##..##$
...........#
.......@...# .#
............# #.#
.............## ..#
............... ##.####
...............###..#..#
........................
........................
.....^..........GG.Z....
.........Z......


You could see an acid blob.

Vanquished Creatures
  2 deep elf master archers (Elf:3)
  A deep elf blademaster (Elf:3)
  A sphinx (Depths:1)
  12 acid blobs
  3 rockslimes
  4 azure jellies
  3 nagarajas (Snake:4)
  A deep elf sorcerer (Elf:3)
  An orc warlord (Orc:2)
  4 deep elf elementalists (Elf:3)
  A stone giant (D:15)
  9 quicksilver oozes
  5 deep elf demonologists
  2 deep elf annihilators
  5 deep elf death magi (Elf:3)
  Josephine (D:11)
  4 great orbs of eyes
  2 deep elf high priests
  Harold (Orc:1)
  A salamander tyrant (Snake:4)
  6 vault guards (D:13)
  Erica (D:8)
  3 boulder beetles
  8 hydras
  6 centaur warriors
  2 catoblepae
  12 anacondas
  7 naga warriors
  23 dancing weapons
  4 two-headed ogres
  23 death yaks
  4 tengu warriors
  An orc high priest (Orc:2)
  8 naga sharpshooters
  Urug (D:13)
  16 deep elf knights
  5 shock serpents
  4 salamander mystics
  Nergalle (Orc:2)
  5 skeletal warriors (D:14)
  6 naga ritualists
  A wizard (Depths:1)
  35 deep elf zephyrmancers
  7 deep elf archers
  3 ugly things (D:14)
  13 mana vipers
  5 oklob plants
  An orc sorcerer (Orc:2)
  40 deep elf pyromancers
  3 orc knights (Orc:2)
  The ghost of ytrimaz the Martial Artist, a novice DsMo of Jiyva (D:7)
  4 cyclopes
  13 salamanders
  A shining eye (Slime:1)
  4 manticores
  15 elephants
  26 black mambas
  4 eyes of devastation
  Joseph (D:10)
  11 cane toads
  A gargoyle (D:11)
  15 naga magi
  5 guardian serpents
  An unseen horror (D:10)
  2 torpor snails
  A kobold demonologist (D:11)
  2 rime drakes
  An efreet (D:15)
  A yaktaur (shapeshifter) (D:13)
  11 komodo dragons
  A tengu conjurer (D:15)
  A guardian mummy (D:14)
  9 trolls
  2 polar bears
  Prince Ribbit (D:9)
  5 blink frogs
  67 slime creatures
  7 air elementals
  2 vampires
  36 yaks
  6 water elementals
  A shadow (D:11)
  Eustachio (D:6)
  3 wyverns
  9 wraiths
  A human (shapeshifter) (D:13)
  2 steam dragons (D:8)
  4 fire elementals
  3 golden eyes
  Grum (Lair:1)
  A basilisk (Lair:2)
  6 vampire mosquitoes
  23 nagas
  Edmund (D:5)
  3 wargs
  An acid dragon (D:8)
  12 water moccasins
  Duvessa (D:4)
  The ghost of gregwegmann the Vexing, an amateur SpEn (D:5)
  28 orc warriors
  A black bear (D:5)
  An ice beast (D:6)
  2 sky beasts (D:7)
  7 ogres
  16 wolves
  11 centaurs
  4 phantoms
  13 bullfrogs
  8 necrophages
  3 earth elementals
  5 wights (D:7)
  Dowan (D:4)
  8 killer bees
  A howler monkey (D:6)
  3 electric eels
  4 hounds
  A centaur zombie (D:7)
  4 jellies
  19 orc priests
  Crazy Yiuf (D:5)
  An iron imp (D:8)
  15 orc wizards
  Ijyb (D:3)
  2 iguanas
  11 gnolls
  7 adders
  A shadow imp (D:6)
  2 white imps
  2 ufetubi
  A dart slug (D:1)
  75 orcs
  8 bats
  12 endoplasms
  3 giant cockroaches
  4 goblins
  8 hobgoblins
  3 jackals (D:3)
  A quokka (D:4)
  6 ball pythons
  2 frilled lizards (D:1)
  A goblin skeleton (D:8)
  3 hobgoblin zombies (D:8)
  9 kobolds
  A kobold skeleton (D:8)
  An orc skeleton (D:8)
  2 orc zombies (D:8)
  8 rats
  A bush (D:7)
980 creatures vanquished.

Vanquished Creatures (collateral kills)
  2 deep elf blademasters
  An acid blob (Slime:2)
  A nagaraja (Snake:4)
  2 quicksilver oozes
  A deep elf death mage (Elf:3)
  A deep elf high priest (Elf:3)
  A salamander tyrant (Snake:4)
  2 vault guards (D:13)
  A hydra (D:11)
  2 catoblepae (Lair:5)
  A deep elf knight (Elf:2)
  A shock serpent (Snake:3)
  2 death yaks (Lair:5)
  Sonja (D:12)
  2 naga sharpshooters
  A salamander mystic (Snake:4)
  3 naga ritualists
  A deep elf archer (Elf:2)
  2 deep elf pyromancers
  2 shining eyes
  3 salamanders
  A cyclops (D:12)
  3 elephants
  4 naga magi
  4 black mambas
  2 cane toads
  2 rime drakes
  A freezing wraith (D:15)
  3 blink frogs
  8 slime creatures
  2 basilisks
  2 water elementals (Depths:1)
  9 yaks
  4 golden eyes
  An acid dragon (D:13)
  2 wargs (Orc:2)
  2 nagas
  A water moccasin (Lair:3)
  4 wolves
  2 bullfrogs (Lair:4)
  A killer bee (D:10)
  A crimson imp (D:4)
  An orc priest (D:12)
  2 orc wizards (Orc:2)
  An adder (Lair:4)
  9 orcs
  A butterfly (Lair:3)
106 creatures vanquished.

Vanquished Creatures (others)
  2 acid blobs (Slime:5)
  2 rockslimes
  A frost giant (Depths:1)
  A deep elf sorcerer (Elf:3)
  A stone giant (Depths:1)
  3 rockslime zombies
  A deep elf annihilator (Elf:1)
  5 acid blob zombies
  A great orb of eyes (Slime:5)
  An anaconda (Snake:4)
  A dancing weapon (Elf:1)
  An azure jelly zombie (Slime:3)
  A shock serpent (Snake:4)
  A naga sharpshooter (Snake:4)
  A quicksilver ooze zombie (Slime:5)
  5 deep elf knights (Elf:2)
  A fire crab (shapeshifter) (Elf:1)
  2 anaconda zombies
  5 deep elf archers
  9 deep elf pyromancers
  5 deep elf zephyrmancers
  An orc sorcerer (Orc:2)
  A salamander (Snake:4)
  3 shock serpent zombies
  3 black mambas (Snake:4)
  An eye of devastation (Slime:2)
  2 naga magi (Snake:4)
  3 mana viper zombies
  3 death yak zombies (Lair:5)
  2 slime creatures
  3 guardian serpent zombies (Snake:4)
  A great orb of eyes zombie (Slime:2)
  9 black mamba zombies
  19 slime creature zombies
  A hog (shapeshifter) (Elf:2)
  A two-headed ogre zombie (D:11)
  3 human zombies
  3 nagas (Snake:4)
  A cane toad zombie (Lair:3)
  5 orc warriors (Orc:2)
  39 elf zombies
  A manticore zombie (D:15)
  A sky beast (D:8)
  A blink frog zombie (Lair:5)
  3 elephant zombies (Lair:4)
  A hog zombie (Elf:2)
  2 ogres (Orc:1)
  2 vampire mosquito zombies (D:15)
  A fire crab zombie (Elf:1)
  5 salamander zombies (Snake:4)
  2 cyclops zombies
  A water moccasin zombie (Lair:2)
  A yak zombie (Lair:3)
  A troll zombie (D:12)
  3 warg zombies (Orc:2)
  A polar bear zombie (Lair:3)
  A wolf zombie (Lair:1)
  A bullfrog zombie (Lair:3)
  3 centaur zombies (D:13)
  An orc wizard (Orc:1)
  10 naga zombies (Snake:4)
  2 ogre zombies
  35 orc zombies
  4 bushes (Lair:4)
  25 fungi
  41 plants
303 creatures vanquished.

Grand Total: 1389 creatures vanquished

Notes
Turn   | Place    | Note
-------+----------+-------------------------------------------
     0 | D:1      | Newt the Demonspawn Gladiator began the quest for the Orb.
     0 | D:1      | Reached XP level 1. HP: 16/16 MP: 1/1
    24 | D:1      | Found Semegyrgh's Distillery.
    35 | D:1      | Reached skill level 1 in Stealth
    53 | D:1      | Gained mutation: You regenerate magic rapidly. [demonic
                  | ancestry]
    53 | D:1      | Reached XP level 2. HP: 7/22 MP: 2/2
   661 | D:1      | Found Duom's Antique Armour Boutique.
   856 | D:1      | Gained mutation: A meltable shield of frost defends you.
                  | (SH +4) [demonic ancestry]
   856 | D:1      | Reached XP level 3. HP: 28/28 MP: 3/3
   868 | D:1      | Found a faded altar of an unknown god.
  1831 | D:3      | Found a hide-covered altar of Uskayaw.
  1831 | D:3      | Found a shadowy altar of Dithmenos.
  1831 | D:3      | Found an ancient bone altar of Kikubaaqudgha.
  1831 | D:3      | Found a shimmering blue altar of Sif Muna.
  1847 | D:3      | Became a worshipper of Kikubaaqudgha
  1948 | D:3      | Noticed Ijyb
  1957 | D:3      | Killed Ijyb
  1958 | D:3      | Gained mutation: When hurt, damage is shared between your
                  | health and your magic reserves. [demonic ancestry]
  1958 | D:3      | Reached XP level 4. HP: 30/37 MP: 4/4
  2346 | D:4      | Reached skill level 1 in Polearms
  2351 | D:4      | Noticed Dowan
  2352 | D:4      | Noticed Duvessa
  2428 | D:4      | Killed Dowan
  2428 | D:4      | Noticed a phantom
  2429 | D:4      | Gained mutation: Your touch may inflict minor irresistible
                  | damage on your foes. [demonic ancestry]
  2429 | D:4      | Reached XP level 5. HP: 42/42 MP: 5/5
  2451 | D:3      | Killed a phantom
  2634 | D:4      | Killed Duvessa
  2635 | D:4      | Reached XP level 6. HP: 26/48 MP: 2/6
  3148 | D:4      | Reached skill level 5 in Polearms
  3344 | D:4      | Reached * piety under Kikubaaqudgha
  3344 | D:4      | Received a gift from Kikubaaqudgha
  3396 | D:4      | Reached XP level 7. HP: 54/54 MP: 7/7
  3441 | D:5      | Entered Level 5 of the Dungeon
  3570 | D:5      | Reached skill level 1 in Armour
  3653 | D:5      | Noticed Edmund
  3686 | D:5      | Killed Edmund
  3714 | D:5      | Reached skill level 1 in Necromancy
  3714 | D:5      | Gained mutation: Your touch may inflict irresistible damage
                  | on your foes. [demonic ancestry]
  3714 | D:5      | Reached XP level 8. HP: 27/60 MP: 4/8
  3816 | D:5      | Found a runed translucent door.
  3816 | D:5      | Noticed gregwegmann's ghost (amateur SpEn)
  4202 | D:5      | Found a runed translucent door.
  4203 | D:5      | Noticed Crazy Yiuf
  4209 | D:5      | Killed Crazy Yiuf
  4299 | D:5      | Killed gregwegmann's ghost
  4301 | D:5      | Identified the +3 leather armour of the Bulwark {rElec
                  | Int-2 Dex+5 Slay+6}
  4513 | D:6      | Reached skill level 5 in Necromancy
  4513 | D:6      | Reached skill level 1 in Spellcasting
  4546 | D:6      | Found a snail-covered altar of Cheibriados.
  4549 | D:6      | Noticed Eustachio
  4560 | D:6      | Killed Eustachio
  4585 | D:6      | Noticed a troll
  4591 | D:6      | Killed a troll
  4642 | D:6      | Found a staircase to the Ecumenical Temple.
  4680 | D:6      | Reached skill level 5 in Spellcasting
  4680 | D:6      | Gained mutation: When low on magic, you restore magic in
                  | place of health. [demonic ancestry]
  4680 | D:6      | Reached XP level 9. HP: 65/65 MP: 16/16
  4689 | D:6      | Reached ** piety under Kikubaaqudgha
  4728 | D:6      | Found Rehiorawe's Magic Scroll Shop.
  4752 | D:6      | Bought a scroll of enchant weapon for 112 gold pieces
  5076 | D:7      | Identified a scroll of acquirement
  5076 | D:7      | Acquired 553 gold pieces
  5571 | D:7      | Found a runed translucent gate.
  5571 | D:7      | Found an opulent altar of Gozag.
  5575 | D:7      | Found a runed translucent gate.
  5575 | D:7      | Found a runed translucent gate.
  5591 | D:7      | Noticed ytrimaz's ghost (novice DsMo)
  5620 | D:7      | Killed ytrimaz's ghost
  5916 | D:7      | Found a broken altar of Ashenzari.
  5973 | D:7      | Found a blossoming altar of Fedhas.
  6265 | D:7      | Gained mutation: A meltable icy envelope protects you from
                  | harm. (AC +4) [demonic ancestry]
  6265 | D:7      | Reached XP level 10. HP: 71/71 MP: 17/17
  6358 | D:8      | Reached skill level 10 in Polearms
  6436 | D:8      | Reached *** piety under Kikubaaqudgha
  6436 | D:8      | Received a gift from Kikubaaqudgha
  6512 | D:8      | Noticed Erica
  6675 | D:8      | Reached skill level 5 in Fighting
  6756 | D:8      | Found a sacrificial altar of Ru.
  7170 | D:8      | Killed Erica
  7352 | D:8      | Reached skill level 5 in Armour
  7617 | D:9      | Found a staircase to the Lair.
  7623 | D:9      | Learned a level 4 spell: Animate Dead
  7786 | D:9      | Noticed Prince Ribbit
  7792 | D:9      | Killed Prince Ribbit
  8549 | D:9      | Found a radiant altar of Vehumet.
  8716 | D:10     | Entered Level 10 of the Dungeon
  8813 | D:10     | Found a basalt altar of Yredelemnul.
  8867 | D:10     | Noticed a two-headed ogre
  8872 | D:10     | Killed a two-headed ogre
  9073 | D:10     | Reached **** piety under Kikubaaqudgha
  9074 | D:10     | Gained mutation: You are surrounded by a mild repulsion
                  | field. (EV +2) [demonic ancestry]
  9074 | D:10     | Reached XP level 11. HP: 73/81 MP: 15/18
  9120 | D:10     | Noticed a two-headed ogre
  9128 | D:10     | Killed a two-headed ogre
  9274 | D:10     | Noticed Joseph
  9288 | D:10     | Killed Joseph
  9665 | D:11     | Found a hide-covered altar of Uskayaw.
  9672 | D:11     | Noticed a +0 dagger
  9688 | D:11     | Noticed a +0 hand axe
  9742 | D:11     | Noticed Josephine
  9763 | D:11     | Killed Josephine
  9782 | D:11     | Your ally Josephine died
 10196 | D:11     | Learned a level 4 spell: Dispel Undead
 10236 | D:11     | Noticed a two-headed ogre
 10242 | D:11     | Noticed a four-headed hydra
 10246 | D:11     | Killed a two-headed ogre
 10250 | D:11     | Killed a four-headed hydra
 10794 | D:11     | Noticed a sixfirhy
 11017 | D:12     | Acquired 716 gold pieces
 11604 | D:12     | Noticed Sonja
 11614 | D:12     | Killed Sonja
 11814 | D:12     | Noticed a deep elf pyromancer
 11815 | D:12     | Noticed a deep elf knight
 11815 | D:12     | Noticed a deep elf pyromancer
 11815 | D:12     | Noticed a deep elf pyromancer
 11834 | D:12     | Killed a deep elf knight
 11835 | D:12     | Reached XP level 12. HP: 37/92 MP: 6/19
 12386 | D:12     | Reached ***** piety under Kikubaaqudgha
 12647 | D:12     | Found a staircase to the Orcish Mines.
 13539 | D:13     | Noticed a vault guard
 13539 | D:13     | Noticed a vault guard
 13539 | D:13     | Noticed a vault guard
 13577 | D:13     | Killed a vault guard
 13591 | D:13     | Noticed a vault guard
 13597 | D:13     | Killed a vault guard
 13608 | D:13     | Killed a vault guard
 13616 | D:13     | Killed a vault guard
 13650 | D:13     | Noticed a vault guard
 13661 | D:13     | Killed a vault guard
 13943 | D:13     | Noticed a boulder beetle
 13959 | D:13     | Killed a boulder beetle
 13960 | D:13     | Reached skill level 10 in Necromancy
 13963 | D:13     | Noticed a vault guard
 13972 | D:13     | Killed a vault guard
 13973 | D:13     | Gained mutation: Your touch may irresistibly damage your
                  | foes and sap their willpower. [demonic ancestry]
 13973 | D:13     | Reached XP level 13. HP: 93/98 MP: 18/20
 14504 | D:13     | Found a gate to the Vaults.
 14526 | D:13     | Reached ****** piety under Kikubaaqudgha
 14995 | D:13     | Reached skill level 1 in Evocations
 15053 | D:13     | Noticed Urug
 15061 | D:13     | Killed Urug
 15178 | D:13     | Identified the +0 ring mail "Rorr" {+Inv Dex+2}
 15646 | D:14     | Reached skill level 5 in Evocations
 16336 | D:14     | Found a portal to a secret trove of treasure.
 16546 | D:15     | Entered Level 15 of the Dungeon
 16806 | D:15     | Reached skill level 5 in Dodging
 17074 | D:15     | Noticed a stone giant
 17080 | D:15     | Gained mutation: You are surrounded by a moderate repulsion
                  | field. (EV +3) [demonic ancestry]
 17080 | D:15     | Reached XP level 14. HP: 64/105 MP: 15/21
 17081 | D:15     | Found a staircase to the Depths.
 17567 | Lair:1   | Entered Level 1 of the Lair of Beasts
 17617 | Lair:1   | Noticed Grum
 17631 | Lair:1   | Killed Grum
 17684 | Lair:1   | Found a basalt altar of Yredelemnul.
 18217 | Lair:2   | Acquired the ring of Autumn {rPois Dex-5 Slay+2 SInv}
 18388 | Lair:2   | Found a staircase to the Snake Pit.
 18399 | Lair:2   | Identified the +2 leather armour of the Silly Clam {*Slow
                  | Str+4 Int+5}
 18504 | Lair:2   | Found a staircase to the Shoals.
 19068 | Lair:3   | Reached skill level 10 in Evocations
 20018 | D:1      | Bought a runed cloak for 210 gold pieces
 20077 | D:1      | Bought a potion of curing for 30 gold pieces
 20077 | D:1      | Bought a potion of heal wounds for 50 gold pieces
 20077 | D:1      | Bought a potion of heal wounds for 50 gold pieces
 20077 | D:1      | Bought a potion of heal wounds for 50 gold pieces
 20077 | D:1      | Bought a potion of curing for 30 gold pieces
 20077 | D:1      | Bought a potion of mutation for 80 gold pieces
 20077 | D:1      | Bought a potion of curing for 30 gold pieces
 20510 | Lair:4   | Reached XP level 15. HP: 110/110 MP: 24/24
 20978 | Lair:4   | Found a burning altar of Makhleb.
 21286 | Lair:5   | Entered Level 5 of the Lair of Beasts
 21494 | Lair:5   | Gained mutation: Your body sometimes deteriorates upon
                  | taking damage. [potion of mutation]
 21494 | Lair:5   | Gained mutation: You are weak. (Str -2) [potion of
                  | mutation]
 21494 | Lair:5   | Gained mutation: You are dopey. (Int -2) [potion of
                  | mutation]
 21495 | Lair:5   | Lost mutation: You are dopey. (Int -2) [potion of mutation]
 21495 | Lair:5   | Lost mutation: You are weak. (Str -2) [potion of mutation]
 21495 | Lair:5   | Gained mutation: Your magical capacity is low. (-10% MP)
                  | [potion of mutation]
 21496 | Lair:5   | Lost mutation: Your magical capacity is low. (-10% MP)
                  | [potion of mutation]
 21496 | Lair:5   | Lost mutation: Your body sometimes deteriorates upon taking
                  | damage. [potion of mutation]
 21496 | Lair:5   | Gained mutation: You occasionally lose the ability to drink
                  | potions when taking damage. [potion of mutation]
 21496 | Lair:5   | Gained mutation: You are strong-willed. (Will+) [potion of
                  | mutation]
 21496 | Lair:5   | Gained mutation: You have a beak for a mouth. [potion of
                  | mutation]
 21497 | Lair:5   | Lost mutation: You have a beak for a mouth. [potion of
                  | mutation]
 21497 | Lair:5   | Lost mutation: You occasionally lose the ability to drink
                  | potions when taking damage. [potion of mutation]
 21497 | Lair:5   | Lost mutation: You are strong-willed. (Will+) [potion of
                  | mutation]
 21497 | Lair:5   | Gained mutation: You are dopey. (Int -2) [potion of
                  | mutation]
 21497 | Lair:5   | Gained mutation: You are agile. (Dex +4, Str/Int -1)
                  | [potion of mutation]
 21744 | Lair:5   | Reached skill level 10 in Spellcasting
 22129 | Lair:5   | Found a staircase to the Slime Pits.
 22129 | Lair:5   | Found a viscous altar of Jiyva.
 22617 | Snake:1  | Entered Level 1 of the Snake Pit
 22805 | Snake:1  | Reached skill level 10 in Armour
 23120 | Snake:1  | Identified a +9 trident of pain (a +7 vorpal trident
                  | bloodied by Kikubaaqudgha)
 23120 | Snake:1  | Received a gift from Kikubaaqudgha
 24082 | Snake:2  | Reached XP level 16. HP: 109/117 MP: 28/30
 24843 | Snake:2  | Identified the +0 leather armour of Lies {Fly rElec Int-5
                  | Slay+5}
 26468 | Snake:4  | Entered Level 4 of the Snake Pit
 26468 | Snake:4  | Found Ahiruej's Distillery.
 26497 | Snake:4  | Bought a potion of heal wounds for 85 gold pieces
 26497 | Snake:4  | Bought a potion of heal wounds for 85 gold pieces
 26497 | Snake:4  | Bought a potion of heal wounds for 85 gold pieces
 29165 | Snake:4  | Reached skill level 15 in Armour
 29517 | Snake:3  | Learned a level 3 spell: Vampiric Draining
 29522 | Snake:3  | Learned a level 4 spell: Anguish
 29776 | Snake:4  | Reached XP level 17. HP: 106/122 MP: 29/31
 29890 | Snake:4  | Got a serpentine rune of Zot
 30302 | Depths:1 | Entered Level 1 of the Depths
 30986 | Orc:1    | Entered Level 1 of the Orcish Mines
 30992 | Orc:1    | Noticed Harold
 31005 | Orc:1    | Killed Harold
 31364 | Orc:2    | Entered Level 2 of the Orcish Mines
 31370 | Orc:2    | Found a radiant altar of Vehumet.
 31440 | Orc:2    | Noticed Nergalle
 31446 | Orc:2    | Gained mutation: Your spells are a little harder to cast,
                  | but a little more powerful. [a neqoxec]
 31448 | Orc:2    | Gained mutation: You occasionally lose the ability to drink
                  | potions when taking damage. [a neqoxec]
 31463 | Orc:2    | Killed Nergalle
 32015 | Orc:2    | Found Hockeitz's General Store.
 32070 | Orc:2    | Found Okumn's Book Emporium.
 32080 | Orc:2    | Bought a scroll of enchant armour for 90 gold pieces
 32115 | Orc:2    | Found Vishrym's Antique Armour Emporium.
 32123 | Orc:2    | Bought a pair of embroidered boots for 292 gold pieces
 32157 | Orc:2    | Found a staircase to the Elven Halls.
 32421 | Orc:2    | Found Samek's Antique Weapon Emporium.
 32634 | Elf:1    | Entered Level 1 of the Elven Halls
 32635 | Elf:1    | Paralysed by an air elemental for 1 turns
 33522 | Elf:1    | Paralysed by an air elemental for 1 turns
 33525 | Elf:1    | Paralysed by an air elemental for 1 turns
 33534 | Elf:1    | Reached skill level 15 in Necromancy
 35210 | Elf:2    | Reached skill level 10 in Fighting
 35628 | Elf:2    | Found Bumnu's Antique Weapon Shop.
 36405 | Elf:2    | Found a runed translucent gate.
 36406 | Elf:2    | Found a runed translucent gate.
 36406 | Elf:2    | Found a runed translucent gate.
 37154 | Elf:2    | Reached XP level 18. HP: 81/141 MP: 20/32
 37190 | Elf:2    | HP: 3/141 [deep elf knight/+0 scimitar (11)]
 38307 | Elf:3    | Entered Level 3 of the Elven Halls
 38349 | Elf:3    | Paralysed by an air elemental for 1 turns
 38358 | Elf:3    | Identified the +11 quarterstaff "Imowir" {vamp, +Blink MP-9
                  | Int+2}
 38457 | Elf:3    | Lost mutation: You are dopey. (Int -2) [potion of mutation]
 38457 | Elf:3    | Lost mutation: You occasionally lose the ability to drink
                  | potions when taking damage. [potion of mutation]
 38457 | Elf:3    | Lost mutation: You are agile. (Dex +4, Str/Int -1) [potion
                  | of mutation]
 38457 | Elf:3    | Gained mutation: Your flesh is heat resistant. (rF+)
                  | [potion of mutation]
 38457 | Elf:3    | Gained mutation: Your muscles are strong. (Str +4, Int/Dex
                  | -1) [potion of mutation]
 38581 | Elf:3    | Paralysed by an air elemental for 1 turns
 38803 | Elf:3    | Paralysed by an air elemental for 1 turns
 38807 | Elf:3    | Paralysed by an air elemental for 1 turns
 39045 | Elf:3    | Paralysed by an air elemental for 1 turns
 39520 | Elf:3    | Noticed a Hell Sentinel
 40673 | Elf:3    | Noticed an Ice Fiend
 40918 | Elf:3    | Identified the +9 falchion "Leupogu" {vamp, rElec rN+
                  | Will+}
 41141 | Elf:3    | Identified the +0 robe of the Blind Marksman {Regen+ rCorr}
 41177 | Elf:3    | Identified the ring "Qilumyff" {rCorr MP+9 Int+4 Dex-4}
 41339 | Elf:3    | Identified the +7 long sword of Midsummer {flame, Contam
                  | Will+++ Int+5}
 41865 | Slime:1  | Entered Level 1 of the Pits of Slime
 41876 | Lair:5   | Reached skill level 10 in Dodging
 42030 | Slime:1  | Gained mutation: Your body sometimes deteriorates upon
                  | taking damage. [a shining eye]
 42032 | Slime:1  | Gained mutation: Your body often deteriorates upon taking
                  | damage. [a shining eye]
 42250 | Slime:1  | Gained mutation: You occasionally lose the ability to drink
                  | potions when taking damage. [a shining eye]
 44130 | Slime:3  | You fall into a shaft and drop 1 floor!
 44425 | Slime:4  | Found a viscous altar of Jiyva.
 44765 | Slime:5  | Entered Level 5 of the Pits of Slime
 44855 | Slime:5  | Reached XP level 19. HP: 141/152 MP: 29/33
 45435 | Slime:5  | Gained mutation: Your muscles are very strong. (Str +8,
                  | Int/Dex -2) [a shining eye]
 45467 | Slime:5  | Noticed the Royal Jelly
 45468 | Slime:5  | Found a viscous altar of Jiyva.
 45469 | Slime:5  | Found the +2 hood of the Assassin {Detection Stab+ Stlth++}
 45518 | Slime:5  | HP: 4/152 [azure jelly[the Royal Jelly] (27)]
 45521 | Slime:5  | Killed from afar by an acid blob

Illustrated notes

Levels and vault maps discovered:
D:1:      lemuel_arrival_behind_the_door_small, layout_rooms,
          serial_corexii_hall, corexii_hall_statues_i, corexii_hall_statues_x,
          basic_ecumenical_altar, serial_shops, shop, nicolae_lakefront_shop
D:2:      layout_rooms
D:3:      layout_basic, chequers_temple_overflow_statue_of_worship, uniq_ijyb
D:4:      layout_loops_cross, minmay_fire_ice_demons, uniq_duvessa
D:5:      layout_loops_ring, ebering_ghost_inner_flame, roderic_roman_lattice,
          hangedman_decor_points, uniq_edmund, uniq_crazy_yiuf_cottage
D:6:      layout_rooms, kennysheep_little_box, minmay_temple_entry_glass,
          serial_shops, nicolae_shop_hallway_stairs, uniq_eustachio
D:7:      layout_loops_corners, nicolae_ashenzari_panopticon,
          fedhas_altar_decomposition, ebering_ghost_gozag, sigmund_army
D:8:      layout_loops_ring, nicolae_tso_besieged_by_evil,
          nicolae_ru_path_of_blood, uniq_erica
D:9:      layout_irregular_city, lemuel_round_altar, dpeg_oklobed_lair,
          minivault_11, roderic_serpentine_path, chequers_avenue,
          hangedman_corner_corridor, uniq_prince_ribbit1
D:10:     layout_rooms, amcnicky_altar_gilded, uniq_joseph
D:11:     layout_stronghold, dancing_weapons_uskayaw, uniq_josephine,
          uniq_gastronok
D:12:     layout_basic, hiddenorc2_lemuel, special_room [special_room_orc],
          minmay_holes, uniq_sonja
D:13:     layout_irregular_city, erik_vaults_2, uniq_urug
D:14:     layout_loops_ring, serial_glass, glass_columns_a, glass_columns_b,
          nicolae_trove_entry_path_of_doom, dk_noncrumbling_2,
          kennysheep_small_square
D:15:     grunt_enter_depths_snipers, layout_cave_pools
Lair:1:   hellmonk_destroyed_diamonds, layout_cave_shapes,
          chequers_serial_rivers_micro_b, lemuel_oklob_altar,
          grunt_megastairs_2, uniq_grum
Lair:2:   layout_cellular_growth, shoals_dummy_entry,
          guppyfry_snake_entry_island
Lair:3:   layout_gridlike, lemuel_fruit_fields
Lair:4:   layout_regular_city, basic_altar, cheibrodos_lair_reptile_den,
          grunt_megastairs_5, serial_bayou_shore_a
Lair:5:   evilmike_catoblepas_cave, layout_cave_pods,
          nicolae_slime_entry_slimehenge, dpeg_oklob_1
Snake:1:  layout_chambers, special_room
Snake:2:  layout_basic, drop_trap, nicolae_integral_box
Snake:3:  layout_onion, st_stairs_2, grunt_ministairs_6
Snake:4:  johnstein_snake_rune_scales, layout_rooms, serial_shops, shop,
          nicolae_snake_gridmaze_spiral
Slime:1:  layout_caves
Slime:2:  layout_caves
Slime:3:  cheibrodos_slime_lost_civilization_9, layout_caves
Slime:4:  nicolae_slime_pool, layout_caves, basic_altar
Slime:5:  uniq_dissolution
Orc:1:    layout_caves, uniq_harold
Orc:2:    grunt_orc_cross, layout_caves, basic_altar
Elf:1:    eino_elf_arrival_the_gate, layout_loops_ring,
          kennysheep_underground_church
Elf:2:    nicolae_elf_blades_splatter_lattice
          [nicolae_blade_entry_area_security], layout_gridlike, minmay_shop_star
Elf:3:    elf_hall_gauntlet_wide, layout_onion_city
Depths:1: layout_cave_pools, enter_ziggurat_e, hell_entry, st_stairs_4,
          lemuel_flamethrower_3

Skill      XL: |  1  2  3  4  5  6  7  8  9 10 11 12 13 14 15 16 17 18 19 |
---------------+----------------------------------------------------------+-----
Stealth        | 1 2 |  2.0
Fighting       | 4 6 8 12 14 | 14.0
Polearms       | 2 4 5 6 9 10 11 14 | 14.0
Armour         | 4 6 8 11 15 | 15.0
Necromancy     | 1 5 8 10 12 15 | 15.0
Spellcasting   | 5 6 10 | 10.0
Evocations     | 8 12 | 12.0
Dodging        | 5 8 12 13 | 13.2
Short Blades   | |  2.6
Throwing       | |  1.7

Action                   |  1- 3 |  4- 6 |  7- 9 | 10-12 | 13-15 | 16-18 | 19-21 || total
-------------------------+-------+-------+-------+-------+-------+-------+-------++-------
Melee: Rapier            |   119 |       |       |       |       |       |       ||   119
       Trident           |    16 |    96 |   251 |   565 |   949 |  1552 |    53 ||  3482
       Punch             |     1 |     2 |     2 |     5 |    14 |    19 |     1 ||    44
       Touch             |       |    17 |    43 |    95 |   181 |   201 |    12 ||   549
Throw: Throwing net      |       |     4 |       |       |       |     5 |       ||     9
       Dart              |       |       |     2 |     4 |       |       |       ||     6
       Javelin           |       |       |     1 |       |       |       |       ||     1
       Boomerang         |       |       |       |       |     1 |       |       ||     1
 Cast: Animate Dead      |       |       |       |     7 |    18 |    30 |     2 ||    57
       Dispel Undead     |       |       |       |       |     4 |       |       ||     4
       Anguish           |       |       |       |       |       |     2 |       ||     2
       Vampiric Draining |       |       |       |       |       |     4 |       ||     4
Invok: Unearth Wretches  |       |       |       |       |     1 |    26 |     2 ||    29
       Brand Weapon With |       |       |       |       |     1 |       |       ||     1
Evoke: Wand              |       |     4 |       |     1 |     6 |     4 |       ||    15
       Phantom mirror    |       |       |       |       |       |     1 |     1 ||     2
       Tin of tremorston |       |       |       |       |       |     1 |       ||     1
       Box of beasts     |       |       |       |       |       |       |     1 ||     1
  Use: Scroll            |     6 |     3 |     8 |    10 |     8 |    18 |     2 ||    55
       Potion            |       |       |       |     7 |     4 |    10 |       ||    21
 Stab: Sleeping          |     5 |     4 |     4 |    15 |     8 |     4 |       ||    40
       Held in net/web   |       |     3 |       |       |       |       |       ||     3
       Distracted        |       |       |       |     4 |     9 |    19 |     1 ||    33
       Paralysed         |       |       |       |       |    16 |    42 |     2 ||    60
       Petrified         |       |       |       |       |     8 |       |       ||     8
Armor: Leather armour    |    56 |    29 |    57 |   129 |   190 |   133 |       ||   594
       Plate armour      |       |       |       |       |       |   537 |    47 ||   584
Dodge: Dodged            |    88 |    55 |    86 |   201 |   399 |   568 |    38 ||  1435
Block: Other             |    13 |    13 |    37 |    52 |    93 |   373 |    12 ||   593
       Reflection        |       |       |       |       |       |    36 |       ||    36

Table legend: (Time is in decaauts)
 A = Elapsed time spent in this place.
 B = Non-inter-level travel time spent in this place.
 C = Inter-level travel time spent in this place.
 D = Time resting spent in this place.
 E = Time spent auto-exploring this place.
 F = Levels seen in this place.
 G = Mean time per level.
                   A        B        C        D        E       F      G
               +--------+--------+--------+--------+--------+-----+--------+
         Total |  44395 |  41623 |   2772 |  10948 |  24649 |  35 | 1268.4 |
       Dungeon |  18662 |  17059 |   1603 |   4025 |  10421 |  15 | 1244.1 |
          Lair |   5139 |   4611 |    528 |    563 |   3229 |   5 | 1027.8 |
     Snake Pit |   7253 |   6951 |    302 |   1831 |   4360 |   4 | 1813.2 |
    Slime Pits |   2989 |   2956 |     33 |    998 |   1521 |   5 |  597.8 |
  Orcish Mines |   2319 |   2254 |     65 |   1011 |   1011 |   2 | 1159.5 |
   Elven Halls |   8014 |   7775 |    239 |   2520 |   4105 |   3 | 2671.3 |
        Depths |     17 |     17 |      0 |      0 |      0 |   1 |   17.0 |
               +--------+--------+--------+--------+--------+-----+--------+

Top non-repeatable levels by time:
   Elf:2: 4070 daAuts
    D:12: 2465 daAuts
 Snake:3: 2441 daAuts
   Elf:3: 2353 daAuts
 Snake:2: 2139 daAuts
     D:7: 1801 daAuts
    D:11: 1776 daAuts
  Lair:5: 1758 daAuts
   Orc:2: 1652 daAuts
   Elf:1: 1589 daAuts
 Snake:4: 1581 daAuts
    D:14: 1495 daAuts
    D:13: 1431 daAuts
    D:15: 1349 daAuts
     D:9: 1278 daAuts
